 Dungeon Crawl Stone Soup version 0.27-a0-1548-gf8a67e7463 (webtiles) character file.

Game seed: 10037548674444927548

380 bande the Shield-Bearer (level 6, -1/38 HPs)
             Began as a Gargoyle Fighter on July 13, 2021.
             Slain by an ogre (17 damage)
             ... on level 5 of the Dungeon.
             The game lasted 00:06:37 (3904 turns).

bande the Shield-Bearer (Gargoyle Fighter)          Turns: 3904, Time: 00:06:37

Health: -1/38      AC: 16    Str: 20    XL:     6   Next: 75%
Magic:  6/6        EV:  6    Int:  9    God:
Gold:   139        SH:  9    Dex: 10    Spells: 5/5 levels left

rFire    . . .     SeeInvis .   a - +1 war axe
rCold    . . .     Faith    .   c - +0 kite shield
rNeg     + . .     Spirit   .   n - +0 chain mail
rPois    ∞         Reflect  .   (no helmet)
rElec    +         Harm     .   h - +0 cloak
rCorr    .         Rampage  .   (no gloves)
Will     .....                  i - +0 pair of boots
Stlth    ..........             (no amulet)
HPRegen  0.12/turn              (no ring)
MPRegen  0.10/turn              (no ring)

@: mighty
A: sickness immunity, AC +4, negative energy resistance 1, electricity
resistance, torment resistance 1, petrification resistance
a: no special abilities


You were on level 5 of the Dungeon.
You visited 1 branch of the dungeon, and saw 5 of its levels.

You collected 139 gold pieces.

Inventory:

Hand Weapons
 a - a +1 war axe (weapon)
Armour
 c - a +0 kite shield (worn)
 h - a +0 cloak (worn)
 i - a +0 pair of boots (worn)
 n - a +0 chain mail (worn)
Jewellery
 e - a ring of magical power
Scrolls
 b - 2 scrolls of identify
 f - a scroll of fear
 l - a scroll of fog {unknown}
Potions
 g - a potion of cancellation
 j - a potion of curing
 k - 2 potions of flight


   Skills:
 + Level 4.0 Fighting
 + Level 4.2 Axes
 + Level 4.5 Armour
 + Level 1.2 Dodging
 + Level 4.6 Shields


You had 5 spell levels left.
You didn't know any spells.
Your spell library contained the following spells:

 Spells                   Type           Power      Damage    Failure   Level
 Animate Skeleton         Necr           0%         N/A       100%        1
 Pain                     Necr           0%         1d4       100%        1
 Vampiric Draining        Necr           0%         2d6       100%        3


Dungeon Overview and Level Annotations

Branches:
Dungeon (5/15)
 Temple: D:4-7

Altars:
Ashenzari
Cheibriados
Qazlal
Ru
Zin
The Shining One

Annotations:
D:3 2 transporters


Innate Abilities, Weirdness & Mutations

You are immune to sickness and miasma.
Your stone body is resilient. (AC +4)
You are immune to poison.
You resist negative energy. (rN+)
You are resistant to electric shocks. (rElec)
You are resistant to unholy torment.
You are immune to petrification.


Message History

No target in view!
No target in view!
No target in view!
No target in view!
No target in view!
No target in view!
No target in view!
Found an escape hatch in the ceiling.
You see here a hound corpse.
Found 10 gold pieces.
You now have 129 gold pieces (gained 10).
Key pressed, stopping explore.
Found 10 gold pieces.
Found a stone staircase leading down.
You now have 139 gold pieces (gained 10).
A phantom comes into view.
An ogre comes into view. It is wielding a +0 giant spiked club.
The ogre shouts!
You hear a bark!
You block the phantom's attack.
You hit the phantom.
The phantom is lightly damaged.
The phantom hits you but does no damage. x2
You hit the phantom.
The phantom is moderately damaged.
The phantom hits you but does no damage.
The phantom hits you.
You barely miss the phantom.
The phantom is lightly damaged.
The phantom barely misses you.
You closely miss the phantom.
The phantom is lightly damaged.
The phantom hits you but does no damage.
The ogre hits you with a +0 giant spiked club!!
Ouch! That really hurt!
* * * LOW HITPOINT WARNING * * *
The phantom hits you but does no damage.
You feel better. The phantom hits you.
You feel very mighty all of a sudden.
The ogre hits you with a +0 giant spiked club!
You die...

>. #...........
....##...........
.................
.....##..........
.... #........).
... #.......[.. ##
##.........
########..........
#@.......########.
#WO######## ....##
....## ○...§ ##.#
#. .


You could see a phantom and an ogre.

Vanquished Creatures
  A scorpion (D:4)
  A wyvern skeleton (D:4)
  A water moccasin skeleton (D:4)
  2 hounds
  A hound skeleton (D:4)
  6 adders
  2 worms (D:2)
  3 dart slugs
  2 orcs (D:4)
  7 ball pythons
  2 endoplasms
  A giant cockroach (D:2)
  11 goblins
  11 hobgoblins
  6 jackals (D:1)
  6 kobolds
  4 quokkas
  4 bats
  3 frilled lizards
  8 rats
82 creatures vanquished.

Vanquished Creatures (collateral kills)
  A kobold (D:2)
1 creature vanquished.

Vanquished Creatures (others)
  4 plants (D:1)
4 creatures vanquished.

Grand Total: 87 creatures vanquished

Notes
Turn   | Place    | Note
-------+----------+-------------------------------------------
     0 | D:1      | bande the Gargoyle Fighter began the quest for the Orb.
     0 | D:1      | Reached XP level 1. HP: 14/14 MP: 1/1
   215 | D:1      | Reached XP level 2. HP: 19/19 MP: 2/2
   554 | D:1      | Reached XP level 3. HP: 23/23 MP: 3/3
   738 | D:1      | Found a faded altar of an unknown god.
  1392 | D:2      | Reached XP level 4. HP: 28/28 MP: 4/4
  1712 | D:2      | Found a snail-covered altar of Cheibriados.
  2098 | D:3      | Found a transporter.
  2349 | D:3      | Reached XP level 5. HP: 28/32 MP: 5/5
  2557 | D:3      | Found a sacrificial altar of Ru.
  2557 | D:3      | Found a glowing silver altar of Zin.
  2611 | D:3      | Found a transporter.
  2878 | D:4      | Reached skill level 1 in Dodging
  2896 | D:4      | Reached XP level 6. HP: 22/38 MP: 6/6
  3576 | D:4      | Found a broken altar of Ashenzari.
  3633 | D:4      | Found a glowing golden altar of the Shining One.
  3638 | D:4      | Found a stormy altar of Qazlal.
  3841 | D:4      | Upgraded the game from 0.27-a0-1532-gca18f49f40 to
                  | 0.27-a0-1548-gf8a67e7463
  3859 | D:5      | Entered Level 5 of the Dungeon
  3904 | D:5      | Slain by an ogre

Illustrated notes

Levels and vault maps discovered:
D:1:      roderic_crop_circles_arrival_small, layout_loops_ring,
          chequers_ecumenical_altar_grove
D:2:      layout_basic, basic_altar
D:3:      gammafunk_steamed_eel, layout_loops_corners,
          gammafunk_temple_overflow_pools
D:4:      layout_loops_ring, minmay_overflow_temple_star_quad,
          kennysheep_generic_room_12
D:5:      layout_rooms, nicolae_kikubaaqudgha_miasma_corner, serial_shops, shop

Skill      XL: |  1  2  3  4  5  6 |
---------------+-------------------+-----
Axes           | 2 3 4 |  4.2
Shields        | 4 |  4.6
Armour         | 4 |  4.5
Dodging        | 1 |  1.2
Fighting       | 4 |  4.0

Action                   |  1- 3 |  4- 6 || total
-------------------------+-------+-------++-------
Melee: War axe           |   145 |   138 ||   283
  Use: Scroll            |     3 |     6 ||     9
       Potion            |       |     3 ||     3
Armor: Scale mail        |   104 |    74 ||   178
       Chain mail        |       |    25 ||    25
Dodge: Dodged            |    48 |    44 ||    92
Block: Kite shield       |    75 |    84 ||   159

Table legend: (Time is in decaauts)
 A = Elapsed time spent in this place.
 B = Non-inter-level travel time spent in this place.
 C = Inter-level travel time spent in this place.
 D = Time resting spent in this place.
 E = Time spent auto-exploring this place.
 F = Levels seen in this place.
 G = Mean time per level.
                   A        B        C        D        E       F      G
               +--------+--------+--------+--------+--------+-----+--------+
         Total |   4072 |   3939 |    133 |    253 |   2825 |   5 |  814.4 |
       Dungeon |   4072 |   3939 |    133 |    253 |   2825 |   5 |  814.4 |
               +--------+--------+--------+--------+--------+-----+--------+

Top non-repeatable levels by time:
     D:2: 1070 daAuts
     D:4: 1047 daAuts
     D:3: 969 daAuts
     D:1: 937 daAuts
     D:5: 47 daAuts
